TOP OF THE 1ST |
New Hampshire Fisher Cats batting - Pitching for Gainesville Guidos : RHP Ronald Adams
|
Pitching: RHP Ronald Adams
|
|
Batting: RHB Felipe Rivas
|
0-0: Ball 1-0: Ball 2-0: Foul Ball, location: 2F 2-1: Foul Ball, location: 2F 2-2: Ground out 3-1 (Groundball, 34S)
|
Batting: RHB Santiago Vallés
|
0-0: Ball 1-0: Foul Ball, location: 2F 1-1: Called Strike 1-2: Strikes out looking
|
Batting: LHB Don Ramey
|
0-0: Ball 1-0: Called Strike 1-1: SINGLE (Flyball, 6MD)
|
Batting: RHB Lu-fang Huie
|
0-0: Called Strike 0-1: Called Strike 0-2: Ball 1-2: Strikes out looking
|
Top of the 1st over - 0 run(s), 1 hit(s), 0 error(s), 1 left on base; New Hampshire 0 - Gainesville 0 |
BOTTOM OF THE 1ST |
Gainesville Guidos batting - Pitching for New Hampshire Fisher Cats : RHP Troy Bannon
|
Pitching: RHP Troy Bannon
|
|
Batting: RHB Noriyori Ine
|
0-0: Swinging Strike 0-1: Ground out 4-3 (Groundball, 4)
|
Batting: LHB Mark Owens
|
0-0: Ball 1-0: Ball 2-0: Foul Ball, location: 2F 2-1: Ball 3-1: Foul Ball, location: 2F 3-2: Base on Balls
|
Batting: LHB Marcos Villarreal
|
0-0: Ball 1-0: Swinging Strike 1-1: Ball 2-1: Ball 3-1: Base on Balls Mark Owens to second
|
Batting: RHB Iván Moreno
|
0-0: Ball 1-0: Ball 2-0: Called Strike 2-1: Ball 3-1: Swinging Strike 3-2: Foul Ball, location: 2F 3-2: Strikes out looking
|
Batting: LHB Ed Hart
|
0-0: Called Strike 0-1: Ball 1-1: Swinging Strike 1-2: Strikes out swinging
|
Bottom of the 1st over - 0 run(s), 0 hit(s), 0 error(s), 2 left on base; New Hampshire 0 - Gainesville 0 |
TOP OF THE 2ND |
New Hampshire Fisher Cats batting - Pitching for Gainesville Guidos : RHP Ronald Adams
|
Batting: SHB Lester Olsen
|
0-0: Ball 1-0: Called Strike 1-1: Fly out, F7 (Flyball, 78M)
|
Batting: RHB Tim Robertson
|
0-0: Ground out 5-3 (Groundball, 5)
|
Batting: RHB Keith Ford
|
0-0: Ball 1-0: Called Strike 1-1: Called Strike 1-2: Ball 2-2: Foul Ball, location: 2F 2-2: SINGLE (Line Drive, 4MD)
|
Batting: RHB Chris Parker
|
0-0: Called Strike 0-1: Ball 1-1: Ball 2-1: Called Strike 2-2: SINGLE (Line Drive, 8LS) Keith Ford to second Runner from 2nd tries for 3rd, SAFE, throw made to third
|
Batting: RHB Franklin Lawrence
|
0-0: DOUBLE (Flyball, 78M) Keith Ford scores Chris Parker to third Runner from 3rd tries for Home, SAFE, no throw or cutoff
|
Batting: RHB Felipe Rivas
|
0-0: Called Strike 0-1: Ball 1-1: Fly out, F3 (Popup, 3SF)
|
Top of the 2nd over - 2 run(s), 3 hit(s), 0 error(s), 1 left on base; New Hampshire 2 - Gainesville 0 |
BOTTOM OF THE 2ND |
Gainesville Guidos batting - Pitching for New Hampshire Fisher Cats : RHP Troy Bannon
|
Batting: RHB Mitch Thomas
|
0-0: Ball 1-0: Hit by Pitch
|
Batting: LHB Ed Murray
|
0-0: Fly out, F8 (Flyball, 8LM)
|
Batting: RHB Pedro Mata
|
0-0: Foul Ball, location: 2F Balk! Mitch Thomas to second 0-1: Ball 1-1: Fly out, F8 (Flyball, 8LM)
|
Batting: RHB Ben Morton
|
0-0: Ball 1-0: Ball 2-0: Ground out 1-3 (Groundball, 15S)
|
Bottom of the 2nd over - 0 run(s), 0 hit(s), 0 error(s), 1 left on base; New Hampshire 2 - Gainesville 0 |
TOP OF THE 3RD |
New Hampshire Fisher Cats batting - Pitching for Gainesville Guidos : RHP Ronald Adams
|
Batting: RHB Santiago Vallés
|
0-0: Ball 1-0: Ball 2-0: Ground out 1-3 (Groundball, 15S)
|
Batting: LHB Don Ramey
|
0-0: Ball 1-0: Called Strike 1-1: Ball 2-1: Fly out, F8 (Flyball, 8RM)
|
Batting: RHB Lu-fang Huie
|
0-0: Called Strike 0-1: Foul Ball, location: 2F 0-2: Ball 1-2: Ball 2-2: DOUBLE (Groundball, 5L)
|
Batting: SHB Lester Olsen
|
0-0: Ball 1-0: Foul Ball, location: 2F 1-1: Ball 2-1: Swinging Strike 2-2: Foul Ball, location: 2F 2-2: Strikes out swinging
|
Top of the 3rd over - 0 run(s), 1 hit(s), 0 error(s), 1 left on base; New Hampshire 2 - Gainesville 0 |
BOTTOM OF THE 3RD |
Gainesville Guidos batting - Pitching for New Hampshire Fisher Cats : RHP Troy Bannon
|
Batting: RHB Noriyori Ine
|
0-0: Called Strike 0-1: Called Strike 0-2: Ball 1-2: Ball 2-2: Ball 3-2: SINGLE (Groundball, 6MD)
|
Batting: LHB Mark Owens
|
0-0: Ball Noriyori Ine is caught stealing 2nd base 1-0: Called Strike 1-1: Ground out 4-3 (Groundball, 4)
|
Batting: LHB Marcos Villarreal
|
0-0: Ball 1-0: Called Strike 1-1: SINGLE (Groundball, 4M)
|
Batting: RHB Iván Moreno
|
0-0: Hit by Pitch Marcos Villarreal to second
|
Batting: LHB Ed Hart
|
0-0: Ball 1-0: Called Strike 1-1: Foul Ball, location: 2F 1-2: Strikes out looking
|
Bottom of the 3rd over - 0 run(s), 2 hit(s), 0 error(s), 2 left on base; New Hampshire 2 - Gainesville 0 |
TOP OF THE 4TH |
New Hampshire Fisher Cats batting - Pitching for Gainesville Guidos : RHP Ronald Adams
|
Batting: RHB Tim Robertson
|
0-0: Ball 1-0: SINGLE (Line Drive, 56)
|
Batting: RHB Keith Ford
|
0-0: Ball 1-0: Ball 2-0: Called Strike 2-1: Foul Ball, location: 2F 2-2: Strikes out swinging
|
Batting: RHB Chris Parker
|
0-0: Called Strike 0-1: Ball 1-1: Ball 2-1: Foul Ball, location: 2F 2-2: Foul Ball, location: 2F 2-2: Grounds into double play, 1-6-3 (Groundball, 13)
|
Top of the 4th over - 0 run(s), 1 hit(s), 0 error(s), 0 left on base; New Hampshire 2 - Gainesville 0 |
BOTTOM OF THE 4TH |
Gainesville Guidos batting - Pitching for New Hampshire Fisher Cats : RHP Troy Bannon
|
Batting: RHB Mitch Thomas
|
0-0: Fly out, F9 (Flyball, 9LM)
|
Batting: LHB Ed Murray
|
0-0: Ball 1-0: Called Strike 1-1: Ball 2-1: Swinging Strike 2-2: Ball 3-2: Ground out U3 (Groundball, 3L)
|
Batting: RHB Pedro Mata
|
0-0: Ball 1-0: Called Strike 1-1: Called Strike 1-2: Foul Ball, location: 2F 1-2: Ball 2-2: Foul Ball, location: 2F 2-2: Fly out, F6 (Line Drive, 6M)
|
Bottom of the 4th over - 0 run(s), 0 hit(s), 0 error(s), 0 left on base; New Hampshire 2 - Gainesville 0 |
TOP OF THE 5TH |
New Hampshire Fisher Cats batting - Pitching for Gainesville Guidos : RHP Ronald Adams
|
Batting: RHB Franklin Lawrence
|
0-0: Swinging Strike 0-1: Swinging Strike 0-2: Ball 1-2: Ball 2-2: Ground out 1-3 (Groundball, 13)
|
Batting: RHB Felipe Rivas
|
0-0: Ball 1-0: Called Strike 1-1: SINGLE (Groundball, 5D)
|
Batting: RHB Santiago Vallés
|
0-0: Called Strike Felipe Rivas is caught stealing 2nd base 0-1: Ball 1-1: SINGLE (Flyball, 8LS)
|
Batting: LHB Don Ramey
|
0-0: Called Strike 0-1: Ball 1-1: Ball 2-1: SINGLE (Groundball, 34D) Santiago Vallés to second Runner from 2nd tries for 3rd, SAFE, throw made to third
|
Batting: RHB Lu-fang Huie
|
0-0: Foul Ball, location: 2F 0-1: Foul Ball, location: 2F 0-2: Ball 1-2: Fly out, F3 (Popup, 3D)
|
Top of the 5th over - 0 run(s), 3 hit(s), 0 error(s), 2 left on base; New Hampshire 2 - Gainesville 0 |
BOTTOM OF THE 5TH |
Gainesville Guidos batting - Pitching for New Hampshire Fisher Cats : RHP Troy Bannon
|
Batting: RHB Ben Morton
|
0-0: Ball 1-0: Ground out 2-3 (Groundball, 25)
|
Batting: RHB Noriyori Ine
|
0-0: Ball 1-0: Called Strike 1-1: Called Strike 1-2: Ball 2-2: Ball 3-2: Ground out 3-1 (Groundball, 34S)
|
Batting: LHB Mark Owens
|
0-0: Ball 1-0: Ball 2-0: SOLO HOME RUN (Flyball, 9D), Distance : 371 ft
|
Batting: LHB Marcos Villarreal
|
0-0: SINGLE (Flyball, 89M)
|
Batting: RHB Iván Moreno
|
0-0: Swinging Strike 0-1: Foul Ball, location: 2F 0-2: Foul Ball, location: 2F 0-2: SINGLE (Flyball, 8RS) Marcos Villarreal to second
|
Batting: LHB Ed Hart
|
0-0: Called Strike 0-1: Ground out 6-3 (Groundball, 6)
|
Bottom of the 5th over - 1 run(s), 3 hit(s), 0 error(s), 2 left on base; New Hampshire 2 - Gainesville 1 |
TOP OF THE 6TH |
New Hampshire Fisher Cats batting - Pitching for Gainesville Guidos : RHP Ronald Adams
|
Batting: SHB Lester Olsen
|
0-0: Called Strike 0-1: Foul Ball, location: 2F 0-2: Ball 1-2: Ball 2-2: Foul Ball, location: 2F 2-2: Ground out 3-1 (Groundball, 34S)
|
Batting: RHB Tim Robertson
|
0-0: Foul Ball, location: 2F 0-1: Ground out 5-3 (Groundball, 56S)
|
Batting: RHB Keith Ford
|
0-0: Foul Ball, location: 2F 0-1: SINGLE (Groundball, 6MD)
|
Pitching: RHP Juan Mora
|
|
Batting: RHB Chris Parker
|
0-0: Called Strike 0-1: 2-RUN HOME RUN (Flyball, 78XD), Distance : 384 ft
|
Batting: RHB Franklin Lawrence
|
0-0: Ball 1-0: Fly out, F9 (Flyball, 9M)
|
Top of the 6th over - 2 run(s), 2 hit(s), 0 error(s), 0 left on base; New Hampshire 4 - Gainesville 1 |
BOTTOM OF THE 6TH |
Gainesville Guidos batting - Pitching for New Hampshire Fisher Cats : RHP Troy Bannon
|
Batting: RHB Mitch Thomas
|
0-0: Ball 1-0: Ball 2-0: Foul Ball, location: 2F 2-1: Fly out, F6 (Line Drive, 56)
|
Batting: LHB Ed Murray
|
0-0: Called Strike 0-1: Fly out, F3 (Popup, 34)
|
Batting: RHB Pedro Mata
|
0-0: Called Strike 0-1: SINGLE (Line Drive, 3)
|
Batting: RHB Ben Morton
|
0-0: Ball 1-0: Swinging Strike 1-1: Ball 2-1: Called Strike 2-2: Foul Ball, location: 2F 2-2: Strikes out swinging
|
Bottom of the 6th over - 0 run(s), 1 hit(s), 0 error(s), 1 left on base; New Hampshire 4 - Gainesville 1 |
TOP OF THE 7TH |
New Hampshire Fisher Cats batting - Pitching for Gainesville Guidos : RHP Juan Mora
|
Batting: RHB Felipe Rivas
|
0-0: Ball 1-0: Called Strike 1-1: Ground out 1-3 (Groundball, 15S)
|
Batting: RHB Santiago Vallés
|
0-0: Called Strike 0-1: Ball 1-1: Called Strike 1-2: Ground out 6-3 (Groundball, 6)
|
Batting: LHB Don Ramey
|
0-0: Ball 1-0: Foul Ball, location: 2F 1-1: SOLO HOME RUN (Flyball, 9D), Distance : 359 ft
|
Batting: RHB Lu-fang Huie
|
0-0: Swinging Strike 0-1: Called Strike 0-2: Strikes out swinging
|
Top of the 7th over - 1 run(s), 1 hit(s), 0 error(s), 0 left on base; New Hampshire 5 - Gainesville 1 |
BOTTOM OF THE 7TH |
Gainesville Guidos batting - Pitching for New Hampshire Fisher Cats : RHP Troy Bannon
|
Pitching: RHP Dave Hammond
|
|
Batting: RHB Noriyori Ine
|
0-0: Ball 1-0: Called Strike 1-1: SINGLE (Flyball, 6MD)
|
Batting: LHB Mark Owens
|
0-0: Ball Wild Pitch! Noriyori Ine to second 1-0: Fly out, F8 (Flyball, 8LS)
|
Batting: LHB Marcos Villarreal
|
0-0: Ball 1-0: Swinging Strike 1-1: Ball 2-1: Ball 3-1: Called Strike 3-2: Fly out, F8 (Flyball, 8LS)
|
Batting: RHB Iván Moreno
|
0-0: Ball 1-0: DOUBLE (Flyball, 7D) Noriyori Ine scores
|
Batting: LHB Ed Hart
|
0-0: Ball 1-0: Ball 2-0: Ball 3-0: Called Strike 3-1: Fly out, F3 (Line Drive, 34)
|
Bottom of the 7th over - 1 run(s), 2 hit(s), 0 error(s), 1 left on base; New Hampshire 5 - Gainesville 2 |
TOP OF THE 8TH |
New Hampshire Fisher Cats batting - Pitching for Gainesville Guidos : RHP Juan Mora
|
Batting: SHB Lester Olsen
|
0-0: Ball 1-0: Called Strike 1-1: Ball 2-1: Swinging Strike 2-2: Strikes out swinging
|
Batting: RHB Tim Robertson
|
0-0: Swinging Strike 0-1: Ball 1-1: Ball 2-1: Fly out, F8 (Flyball, 8LD)
|
Batting: RHB Keith Ford
|
0-0: Ball 1-0: Fly out, F8 (Flyball, 8LXD)
|
Top of the 8th over - 0 run(s), 0 hit(s), 0 error(s), 0 left on base; New Hampshire 5 - Gainesville 2 |
BOTTOM OF THE 8TH |
Gainesville Guidos batting - Pitching for New Hampshire Fisher Cats : RHP Dave Hammond
|
Batting: RHB Mitch Thomas
|
0-0: Ball 1-0: Ball 2-0: Ball 3-0: Foul Ball, location: 2F 3-1: Fly out, F9 (Flyball, 9S)
|
Batting: LHB Ed Murray
|
0-0: Called Strike 0-1: Fly out, F9 (Line Drive, 9M)
|
Batting: RHB Pedro Mata
|
0-0: Swinging Strike 0-1: Ball 1-1: Ball 2-1: Fly out, F6 (Line Drive, 6M)
|
Bottom of the 8th over - 0 run(s), 0 hit(s), 0 error(s), 0 left on base; New Hampshire 5 - Gainesville 2 |
TOP OF THE 9TH |
New Hampshire Fisher Cats batting - Pitching for Gainesville Guidos : RHP Juan Mora
|
Batting: RHB Chris Parker
|
0-0: Ball 1-0: Foul Ball, location: 2F 1-1: Fly out, F7 (Flyball, 78D)
|
Batting: RHB Franklin Lawrence
|
0-0: Fly out, F8 (Line Drive, 8LM)
|
Batting: RHB Felipe Rivas
|
0-0: Ground out 4-3 (Groundball, 4)
|
Top of the 9th over - 0 run(s), 0 hit(s), 0 error(s), 0 left on base; New Hampshire 5 - Gainesville 2 |
BOTTOM OF THE 9TH |
Gainesville Guidos batting - Pitching for New Hampshire Fisher Cats : RHP Dave Hammond
|
Pitching: RHP António Ramírez
|
|
Batting: RHB Ben Morton
|
0-0: Ball 1-0: Ball 2-0: Ball 3-0: Base on Balls
|
Batting: RHB Noriyori Ine
|
0-0: Called Strike 0-1: Ball 1-1: Foul Ball, location: 2F 1-2: Strikes out looking
|
Batting: LHB Mark Owens
|
0-0: Called Strike 0-1: Foul Ball, location: 2F 0-2: Fly out, F8 (Flyball, 89XD)
|
Batting: LHB Marcos Villarreal
|
0-0: Called Strike 0-1: Swinging Strike 0-2: Ball 1-2: Ball 2-2: Strikes out swinging
|
Bottom of the 9th over - 0 run(s), 0 hit(s), 0 error(s), 1 left on base; New Hampshire 5 - Gainesville 2 |
|